cohdb
Replays
Latest Replays
All Replays
Popular Replays
Top Player Replays
Match Explorer
How It Works
Community
CoH3 Stats
Reddit
Sign in to upload your games and track your stats! →
Sign in with Steam
Match 45709895
Unlisted
Match 45709895
Overview
Messages
Build Orders
End
Construct Infanterie Kompanie
Selects Terror Battlegroup
Selects Machine Gun Camouflage
MG 42 Machine Gun Team
Grenadier Squad
Grenadier Squad
Construct Panzergrenadier Kompanie
Panzergrenadier Squad
MG 42 Machine Gun Team
Medical Station
Pak 40 Anti-tank Gun Team
Mishkashmoodle
LoopDloop
Exf
Gravey
0
0
Comments
sign in to comment!
No comments posted yet!